 Dungeon Crawl Stone Soup version 0.18.1-6-gd335043 (webtiles) character file.

3467 epen the Agent of Entropy (level 9, -4/69 HPs)
             Began as a Demonspawn Abyssal Knight on May 20, 2016.
             Was a Priest of Lugonu.
             Killed from afar by Erica (20 damage)
             ... with a bolt of poison
             ... on level 8 of the Dungeon.
             The game lasted 00:13:28 (8364 turns).

epen the Agent of Entropy (DsAK)                    Turns: 8364, Time: 00:13:31

Health: -4/69      AC: 18    Str: 13    XL:     9   Next: 78%
Magic:  0/16       EV: 11    Int: 15    God:    Lugonu [***...]
Gold:   319        SH:  0    Dex: 14    Spells: 0 memorised, 8 levels left

rFire  + . .     SeeInvis .       - Unarmed
rCold  . . .     Gourm    .     e - +0 ring mail
rNeg   . . .     Faith    .     (no shield)
rPois  .         Spirit   +     (no helmet)
rElec  .         Dismiss  .     L - +0 cloak
rCorr  .         Reflect  .     (no gloves)
SustAt .         Harm     .     m - +1 pair of boots
MR     +....                    P - amulet of magic regeneration
Stlth  +.........               G - +6 ring of protection
                                F - ring of protection from magic

@: lethally poisoned (-4 -> -15), somewhat resistant to hostile enchantments,
very unstealthy
A: claws 1, icy blue scales 2, clever 1, fire resistance 1, weak 1, magic
shield, magic regeneration
a: Depart the Abyss, Bend Space, Banish, Renounce Religion


You were on level 8 of the Dungeon.
You worshipped Lugonu.
Lugonu was most pleased with you.
You were hungry.

You visited 1 branch of the dungeon, and saw 8 of its levels.
You visited the Abyss 1 time.

You collected 467 gold pieces.
You spent 148 gold pieces at shops.

Inventory:

Hand Weapons
 a - a +1 falchion
 h - a +2 short sword of speed
Missiles
 J - a throwing net (quivered)
Armour
 b - a +0 leather armour
 e - a +0 ring mail (worn)
 m - a +1 pair of boots (worn)
 B - a +0 buckler
 L - a +0 cloak (worn)
 N - a +0 plate armour
Jewellery
 F - a ring of protection from magic (left claw)
 G - a +6 ring of protection (right claw)
 P - an amulet of magic regeneration (around neck)
Wands
 t - a wand of lightning (5/15)
 M - a wand of confusion (18/48)
Scrolls
 d - a scroll of immolation
 f - 6 scrolls of teleportation
 g - a scroll of remove curse
 n - a scroll of fog {unknown}
 p - a scroll of blinking {unknown}
 r - 7 scrolls of identify
 v - a scroll of recharging
 w - 3 scrolls of magic mapping
 y - a scroll of fear
 H - a scroll of random uselessness
 O - a scroll of acquirement {unknown}
Potions
 i - a potion of ambrosia {unknown}
 j - 2 potions of mutation
 k - a potion of lignification
 l - 3 potions of flight {unknown}
 o - a potion of resistance {unknown}
 u - 3 potions of brilliance {unknown}
 z - a potion of cancellation {unknown}
Comestibles
 c - 5 bread rations
 q - 4 beef jerkies
 s - 8 fruits
 x - a slice of pizza
 A - 5 meat rations


   Skills:
 + Level 6.1 Fighting
 - Level 2.2 Long Blades
 + Level 5.1 Armour
 + Level 4.6 Dodging
 + Level 0.0 Shields
 * Level 6.6 Unarmed Combat
 * Level 10.0 Invocations


You had 8 spell levels left.
You didn't know any spells.

Dungeon Overview and Level Annotations

Branches:
Dungeon (8/15)             Temple (0/1) D:7
   Lair: D:8-11

Altars:
Dithmenos
Elyvilon
Nemelex Xobeh
Trog
Vehumet

Shops:
D:6 =   D:7 !!??(

Annotations:
D:8 Erica, Maurice
Abyss:1 Menkaure, Pikel, Prince Ribbit


Innate Abilities, Weirdness & Mutations

You have sharp fingernails.
You are mostly covered in icy blue scales (AC +3, EV -1).
Your flesh is heat resistant.
When hurt, damage is shared between your health and your magic reserves.
You regenerate magic rapidly.
Your mind is acute. (Int +2)
You are weak. (Str -2)


Message History

There is an open door here.
You close the door.
Eat which item? (? for menu, Esc to quit)
You continue eating.
The hound barely misses you. The hound closely misses you.
You continue eating.
The hound misses you. Erica barely misses you.
You finish eating.
That royal jelly was delicious!
The hound barely misses you. The hound bites you.
* * * LOW HITPOINT WARNING * * *
Press: ? - help, Shift-Dir - straight line, f/p - Erica
Aim: Erica, wielding a scimitar of flaming and wearing a robe (chance to defeat MR: 58%) Erica resists with significant effort.
You are feeling hungry.
The hound closely misses you.
Erica points at you and mumbles some strange words.
The bolt of poison hits you!
You are poisoned.
You die...

###### ###...***,,,* .....#
#####....#*###**### .....#
#........# #.####.# .....###
#.#*#....# #......######
.....+.###.# #....# #...........#
.....#..##.###....###.......###.#
[...........@'....'........># #.#
).......##.###.h..###.#####.# #.#
######..##.# #.@@.# #.....#.# #.#
.........#.######.#######.### #..
.......#.#@#....#.........# ###
.......#.#.#....#.######### #.
.......#...#....#(# #.
########........'(# #.
#........#.# **********#.
#........#.####..,,,,,,*#.
###.##.##........,,,,,,*#.


You could see Erica, Maurice and a hound.

Vanquished Creatures
  The ghost of M4edhros the Skirmisher, an amateur MiBe of Trog (D:7)
  Grinder (D:5)
  5 yaks (D:8)
  A hippogriff (D:7)
  Duvessa (D:6)
  2 black bears (D:6)
  A sky beast (D:8)
  4 ogres
  A centaur (D:8)
  A big kobold (D:8)
  A giant frog (D:7)
  Dowan (D:6)
  A water moccasin zombie (D:5)
  A scorpion (D:7)
  A howler monkey (D:5)
  An electric eel (D:8)
  4 hounds
  Crazy Yiuf (D:6)
  2 centaur skeletons
  2 giant frog skeletons
  2 iguanas
  2 worker ants
  A hound zombie (D:7)
  A hound skeleton (D:6)
  9 adders
  8 gnolls
  An adder zombie (D:5)
  An adder skeleton (D:5)
  A worm (D:2)
  A dart slug (D:1)
  5 giant geckos
  9 orcs
  4 giant cockroaches
  5 goblins (D:1)
  5 hobgoblins
  7 jackals
  11 kobolds
  2 quokkas
  5 ball pythons
  5 bats
  A giant gecko skeleton (D:4)
  8 giant newts
  A quokka skeleton (D:8)
  3 rats
  A fungus (D:6)
132 creatures vanquished.

Vanquished Creatures (others)
  An ice beast (D:5)
  A slave (D:8)
  A phantom (D:6)
  A giant frog (D:6)
  A kobold (D:8)
5 creatures vanquished.

Grand Total: 137 creatures vanquished

Notes
Turn   | Place    | Note
--------------------------------------------------------------
     0 | Abyss:1  | epen the Demonspawn Abyssal Knight began the quest for the Orb.
     0 | Abyss:1  | Reached XP level 1. HP: 18/18 MP: 2/2
    19 | D:1      | Escaped the Abyss
   174 | D:1      | Reached skill level 1 in Dodging
   666 | D:1      | Gained mutation: When hurt, damage is shared between your health and your magic reserves. [demonic ancestry]
   666 | D:1      | Reached XP level 2. HP: 18/24 MP: 4/4
   870 | D:1      | Reached skill level 3 in Invocations
   977 | D:1      | Reached ** piety under Lugonu
  1221 | D:1      | Gained mutation: You have sharp fingernails. [demonic ancestry]
  1221 | D:1      | Reached XP level 3. HP: 21/29 MP: 5/5
  1514 | D:2      | Found a faded altar to an unknown god.
  1930 | D:2      | Reached skill level 1 in Unarmed Combat
  1930 | D:2      | Reached skill level 4 in Invocations
  1930 | D:2      | Gained mutation: You regenerate magic rapidly. [demonic ancestry]
  1930 | D:2      | Reached XP level 4. HP: 11/35 MP: 3/7
  2255 | D:2      | Found a radiant altar of Vehumet.
  2747 | D:3      | Found a white marble altar of Elyvilon.
  3421 | D:4      | Reached *** piety under Lugonu
  3458 | D:4      | Gained mutation: You are partially covered in icy blue scales (AC +1). [demonic ancestry]
  3458 | D:4      | Reached XP level 5. HP: 26/41 MP: 4/8
  3607 | D:4      | Gained mutation: You are weak. (Str -2) [potion of mutation]
  3607 | D:4      | Gained mutation: Your mind is acute. (Int +2) [potion of mutation]
  4141 | D:4      | Found a sparkling altar of Nemelex Xobeh.
  4167 | D:4      | Noticed Menkaure
  4180 | D:4      | Banished Menkaure
  4374 | D:4      | Reached XP level 6. HP: 30/47 MP: 7/9
  4486 | D:5      | Entered Level 5 of the Dungeon
  4545 | D:5      | Noticed Grinder
  4642 | D:5      | Reached skill level 5 in Invocations
  4648 | D:5      | Noticed an ice beast
  4669 | D:5      | Banished an ice beast
  4939 | D:5      | Noticed Prince Ribbit
  4943 | D:5      | Banished Prince Ribbit
  4943 | D:5      | Reached XP level 7. HP: 43/54 MP: 11/11
  4984 | D:5      | Reached skill level 6 in Invocations
  5431 | D:5      | Killed Grinder
  5594 | D:6      | Found a shadowy altar of Dithmenos.
  5625 | D:6      | Noticed Duvessa
  5625 | D:6      | Noticed Dowan
  5626 | D:6      | Noticed Pikel
  5678 | D:6      | Killed Duvessa
  5678 | D:6      | Reached skill level 7 in Invocations
  5678 | D:6      | Gained mutation: You are mostly covered in icy blue scales (AC +3, EV -1). [demonic ancestry]
  5678 | D:6      | Reached XP level 8. HP: 39/61 MP: 10/13
  5681 | D:6      | Banished Pikel
  5689 | D:6      | Killed Dowan
  5729 | D:6      | Found a bloodstained altar of Trog.
  5897 | D:6      | Found Kaniwy's Jewellery Boutique.
  6214 | D:6      | Noticed Crazy Yiuf
  6223 | D:6      | Killed Crazy Yiuf
  6315 | D:7      | Found Owkeagge's Magic Scroll Emporium.
  6321 | D:7      | Reached skill level 5 in Fighting
  6321 | D:7      | Reached skill level 8 in Invocations
  6341 | D:7      | Bought a scroll of teleportation for 33 gold pieces
  6341 | D:7      | Bought a scroll of teleportation for 33 gold pieces
  6341 | D:7      | Bought a scroll of identify for 22 gold pieces
  6354 | D:7      | Found a staircase to the Ecumenical Temple.
  6365 | D:7      | Reached skill level 5 in Unarmed Combat
  6560 | D:7      | Found Tavumyr's Distillery.
  6627 | D:7      | Found Reginat's Distillery.
  6741 | D:7      | Noticed M4edhros's ghost (amateur MiBe)
  6741 | D:7      | Found Naesiur's Magic Scroll Boutique.
  6772 | D:7      | Killed M4edhros's ghost
  6772 | D:7      | Gained mutation: Your flesh is heat resistant. [demonic ancestry]
  6772 | D:7      | Reached XP level 9. HP: 63/68 MP: 13/15
  6782 | D:7      | Bought a scroll of teleportation for 30 gold pieces
  6782 | D:7      | Bought a scroll of teleportation for 30 gold pieces
  6783 | D:7      | Found Zeobleve's Antique Weapon Shop.
  7100 | D:7      | Reached skill level 9 in Invocations
  7212 | D:8      | Noticed Erica
  7240 | D:8      | Noticed Maurice
  7890 | D:8      | Reached skill level 5 in Armour
  8243 | D:8      | Reached skill level 10 in Invocations
  8344 | D:8      | HP: 3/69 [poisoned by Erica (bolt of poison)]
  8364 | D:8      | Killed from afar by Erica

Skill      XL: |  1  2  3  4  5  6  7  8  9 |
---------------+----------------------------+-----
Armour         | 2 3 4 5 |  5.1
Long Blades    | 2 |  2.2
Dodging        | 1 2 3 4 |  4.6
Invocations    | 3 4 5 7 8 10 | 10.0
Unarmed Combat | 1 2 3 4 5 6 |  6.6
Fighting       | 4 5 6 |  6.1

Action                   |  1- 3 |  4- 6 |  7- 9 || total
-------------------------+-------+-------+-------++-------
Melee: Falchion          |    46 |       |       ||    46
       Short sword       |    69 |       |       ||    69
       Unarmed           |   104 |   284 |   452 ||   840
       Punch             |       |     3 |     9 ||    12
Throw: Throwing net      |       |       |     2 ||     2
Invok: Banish            |       |     3 |     8 ||    11
Evoke: Wand              |       |       |     4 ||     4
  Use: Potion            |     2 |     2 |     4 ||     8
       Scroll            |       |       |    11 ||    11
  Eat: Chunk             |     4 |     5 |    12 ||    21
       Meat ration       |       |     1 |       ||     1
       Royal jelly       |       |       |     1 ||     1
Armor: Ring mail         |   127 |    98 |   205 ||   430
       Plate armour      |       |       |    58 ||    58
Dodge: Dodged            |   120 |   142 |   217 ||   479
